 Seeded DCSS version 0.28.0-53-g5a82cb258f (webtiles) character file.

Game seed: 20220731 (custom seed)

270 Kazon the Slasher (level 6, -1/72 HPs)
             Began as a Human Berserker on July 28, 2022.
             Was a Believer of Trog.
             Succumbed to a water moccasin's poison
             ... on level 4 of the Dungeon.
             The game lasted 00:16:17 (3528 turns).

Kazon the Slasher (Human Berserker)                 Turns: 3528, Time: 00:16:17

Health: -1/72      AC:  2    Str: 19    XL:     6   Next: 47%
Magic:  6/6        EV: 12    Int:  7    God:    Trog [**....]
Gold:   104        SH:  0    Dex: 13    Spells: 5/5 levels left

rFire   . . .      SeeInvis .   a - +0 falchion
rCold   . . .      Faith    .   (no shield)
rNeg    . . .      Spirit   .   b - +0 animal skin
rPois   .          Reflect  .   (no helmet)
rElec   .          Harm     .   (no cloak)
rCorr   .          Rampage  .   (no gloves)
Will    .....                   (no boots)
Stlth   ..........              (no amulet)
HPRegen 0.22/turn               (no ring)
MPRegen 0.10/turn               (no ring)

@: berserking, lethally poisoned (-1 -> -11), very quick
A: no striking features
a: Renounce Religion, Berserk, Trog's Hand


You were on level 4 of the Dungeon.
You worshipped Trog.
Trog was pleased with you.
You visited 1 branch of the dungeon, and saw 4 of its levels.

You collected 104 gold pieces.

Inventory:

Hand Weapons
 a - a +0 falchion (weapon)
 e - a +3 dagger
Missiles
 d - 87 stones (quivered)
 i - 20 sling bullets
 l - 37 bolts
 o - 8 poisoned darts
Armour
 b - a +0 animal skin (worn)
Scrolls
 f - a scroll of amnesia {unknown}
 h - 2 scrolls of holy word {unknown}
 m - 3 scrolls of teleportation
 n - a scroll of identify {unknown}
 q - a scroll of fear {unknown}
Potions
 c - a potion of degeneration {unknown}
 g - a potion of flight {unknown}
 j - a potion of ambrosia {unknown}
 k - 2 potions of curing {unknown}
 p - a potion of heal wounds {unknown}


   Skills:
 + Level 4.1 Fighting
 + Level 0.7(3.0) Short Blades
 + Level 4.7(4.8) Long Blades
 + Level 2.0 Throwing
 + Level 2.2 Armour
 + Level 2.9 Dodging
 + Level 1.0 Stealth


You had 5 spell levels left.
You didn't know any spells.
Your spell library was empty.

Dungeon Overview and Level Annotations

Branches:
Dungeon (4/15)             Temple (0/1) D:4

Altars:

Shops:
D:2 [

Annotations:
D:4 2 runed translucent doors


Message History

The ball python moves out of view.
A water moccasin comes into view.
Found 20 gold pieces and a glittering pewter ring.
The water moccasin hisses angrily.
You miss the water moccasin. The water moccasin barely misses you.
You closely miss the water moccasin. The water moccasin bites you.
You hit the water moccasin.
The water moccasin is lightly wounded.
The water moccasin barely misses you. The water moccasin closely misses you.
You hit the water moccasin.
The water moccasin is lightly wounded.
The water moccasin bites you.
You barely miss the water moccasin.
The water moccasin is lightly wounded.
The water moccasin bites you. The water moccasin barely misses you.
You closely miss the water moccasin.
The water moccasin is lightly wounded.
The water moccasin completely misses you.
You hit the water moccasin.
The water moccasin is heavily wounded.
The water moccasin bites you!
* * * LOW HITPOINT WARNING * * *
The water moccasin completely misses you.
You closely miss the water moccasin.
The water moccasin is heavily wounded.
The water moccasin barely misses you. The water moccasin bites you.
* * * LOW HITPOINT WARNING * * *
The ball python hisses angrily.
You slash the water moccasin!
The water moccasin is severely wounded.
The water moccasin barely misses you.
A red film seems to cover your vision as you go berserk!
You feel yourself moving faster!
You feel mighty! The water moccasin bites you.
* * * LOW HITPOINT WARNING * * *
You are lethally poisoned!
The water moccasin poisons you!
You slice the water moccasin!!
You kill the water moccasin!
Trog accepts your kill.
You die...

..+..###..........#### .+.#
#...#..........
#.####..###......... ##
##......## #......... ##..
#.......# #......... #..
#'###...# ##.....#.# #.#
###)#.##.## #.....### #.#
#=##)#.#.## #......## ..#
.S###@#..## #......#. .)#
#..#†#...####........ ..#
#$##.#S#.....##.......# #.##
####....##..#...........#
#..######..######..####........##
##................####.........#
####.....##.#######..........## #
####.##.######.....##.....# #
####.###.....#####.###.#


You could see a ball python.

Vanquished Creatures
  A water moccasin (D:4)
  A necrophage (D:4)
  A hound skeleton (D:4)
  A gnoll (D:1)
  A howler monkey skeleton (D:4)
  5 adders
  3 worms
  3 dart slugs
  7 orcs
  4 ball pythons
  9 bats
  10 endoplasms
  5 giant cockroaches
  3 hobgoblins
  2 jackals (D:2)
  3 quokkas
  14 frilled lizards
  4 goblins
  7 kobolds
  5 rats (D:1)
89 creatures vanquished.

Vanquished Creatures (others)
  5 plants (D:3)
5 creatures vanquished.

Grand Total: 94 creatures vanquished

Notes
Turn   | Place    | Note
-------+----------+-------------------------------------------
     0 | D:1      | Kazon the Human Berserker began the quest for the Orb.
     0 | D:1      | Reached XP level 1. HP: 18/18 MP: 1/1
   342 | D:1      | Reached XP level 2. HP: 24/24 MP: 2/2
   394 | D:1      | Reached XP level 3. HP: 27/29 MP: 3/3
  1019 | D:2      | Reached XP level 4. HP: 31/37 MP: 4/4
  1199 | D:2      | Found a faded altar of an unknown god.
  1300 | D:2      | Found Lacrisyifru's Antique Armour Shop.
  1639 | D:2      | Reached ** piety under Trog
  2189 | D:3      | Reached XP level 5. HP: 42/42 MP: 5/5
  2362 | D:3      | Reached skill level 1 in Throwing
  2947 | D:4      | Found a staircase to the Ecumenical Temple.
  3133 | D:4      | Noticed a necrophage
  3148 | D:4      | Killed a necrophage
  3149 | D:4      | Reached XP level 6. HP: 33/48 MP: 6/6
  3456 | D:4      | Found a large runed translucent door.
  3456 | D:4      | Found a large runed translucent door.
  3490 | D:4      | Reached skill level 1 in Stealth
  3513 | D:4      | Noticed a water moccasin
  3527 | D:4      | HP: 1/72 [water moccasin (4)]
  3528 | D:4      | Killed a water moccasin
  3528 | D:4      | Succumbed to a water moccasin's poison

Illustrated notes

Levels and vault maps discovered:
D:1:      dpeg_arrival_rooms_a, layout_rooms, minmay_tripent
D:2:      layout_loops_ring, serial_shops, shop,
          hellmonk_ecumenical_altar_crossroads, serial_park_tiny_pond,
          chequers_serial_rivers_micro_c
D:3:      layout_loops_ring, chequers_serial_rivers_small_3, minmay_lizard_king
D:4:      layout_layer_cave, minmay_temple_entry_large_hall,
          minmay_hollow_rounded_squares

Skill      XL: |  1  2  3  4  5  6 |
---------------+-------------------+-----
Long Blades    | 4 |  4.7
Throwing       | 1 2 |  2.0
Fighting       | 4 |  4.1
Stealth        | 1 |  1.0
Short Blades   | |  0.7
Armour         | |  2.2
Dodging        | |  2.9

Action                   |  1- 3 |  4- 6 || total
-------------------------+-------+-------++-------
Melee: Falchion          |    85 |   150 ||   235
       Dagger            |       |    57 ||    57
       Punch             |       |     1 ||     1
Throw: Stone             |    21 |    97 ||   118
Invok: Berserk           |     2 |     4 ||     6
  Use: Scroll            |       |     1 ||     1
 Stab: Sleeping          |       |     1 ||     1
Armor: Animal skin       |    20 |    21 ||    41
Dodge: Dodged            |    67 |   106 ||   173
